 Dungeon Crawl Stone Soup version 0.16-a0-1120-gd281f79 (webtiles) character file.

57 Ololoev the Magician (level 3, 0/16 HPs)
             Began as a Spriggan Enchanter on Oct 6, 2014.
             Slain by an adder (2 damage)
             ... on level 2 of the Dungeon.
             The game lasted 00:05:16 (1179 turns).

Ololoev the Magician (Spriggan Enchanter)           Turns: 1179, Time: 00:05:16

Health: 0/16       AC:  6    Str:  4    XL:     3   Next: 73%
Magic:  2/12       EV: 18    Int: 17    God:
Gold:   21         SH:  0    Dex: 16    Spells: 2 memorised, 8 levels left

rFire  . . .     SeeInvis +     a - +1 dagger
rCold  . . .     Clarity  .     b - +1 robe
rNeg   . . .     SustAb   .     (shield restricted)
rPois  .         Gourm    .     l - +2 hat
rElec  .         Spirit   .     g - +0 cloak
rCorr  .         Warding  .     (gloves unavailable)
rMut   .         Stasis   .     (boots unavailable)
MR     .....                    (no amulet)
Stlth  ++........               (no ring)
                                (no ring)

@: lethally poisoned, very quick, not resistant to hostile enchantments,
unstealthy
A: unfitting armour, see invisible, herbivore 3, speed 3, slow metabolism 2
a: no special abilities


You were on level 2 of the Dungeon.
You were not hungry.

You visited 1 branch of the dungeon, and saw 2 of its levels.

You collected 21 gold pieces.

Inventory:

Hand weapons
 a - a +1 dagger (weapon)
Armour
 b - a +1 robe (worn)
 g - a +0 cloak (worn)
 l - a +2 hat (worn)
Comestibles
 i - a royal jelly
Scrolls
 e - a scroll of remove curse {unknown}
 f - 4 scrolls of enchant armour {unknown}
 h - 2 scrolls of identify {unknown}
 j - a scroll of teleportation {unknown}
 k - a scroll of fear {unknown}
 m - a scroll of magic mapping {unknown}
Potions
 d - a potion of porridge
Books
 c - a book of Maledictions

   Spells                             Type                      Level
   *Corona                            Hexes                        1
   Sure Blade                         Hexes/Charms                 2
   *Ensorcelled Hibernation           Hexes/Ice                    2
   Confuse                            Hexes                        3
   Dazzling Spray                     Conjuration/Hexes            3
   Enslavement                        Hexes                        4


   Skills:
 - Level 1.1 Short Blades
 - Level 3.0 Dodging
 - Level 4.4 Stealth
 * Level 4.6 Spellcasting
 + Level 4.2 Hexes


You had 8 spell levels left.
You knew the following spells:

 Your Spells              Type           Power        Failure   Level  Hunger
a - Corona                Hex            ###....      2%          1    None
b - Ensorcelled Hibernat  Hex/Ice        ##....       12%         2    #......


Dungeon Overview and Level Annotations

Branches:
Dungeon (2/15)

Altars:


Innate Abilities, Weirdness & Mutations

You are tiny and cannot use many weapons and most armour.
You have supernaturally acute eyesight.
You are a herbivore.
You cover ground extremely quickly.
You need consume almost no food.


Message History

You are lethally poisoned!
The adder poisons you! The adder barely misses you.
You hit the adder.
The adder is severely wounded.
You feel sick. The adder misses you.
Drink which item? (? for menu, Esc to quit)
You are confused.
It was a potion of confusion.
* * * LOW HITPOINT WARNING * * *
You feel sick. The adder bites you but does no damage.
The adder barely misses you.
* * * LOW HITPOINT WARNING * * *
You feel sick. The adder bites you but does no damage. The adder misses you.
You feel less confused.
* * * LOW HITPOINT WARNING * * *
You feel sick. The adder bites you but does no damage.
The adder closely misses you.
* * * LOW HITPOINT WARNING * * *
You feel sick. The adder completely misses you. The adder bites you.
You die...

≈♣♣###.#..#####.#
P≈P.........(...#
≈PP♣♣##.#..##)##.# ≈ ≈≈
#>#..##.# ≈≈≈
♣≈##.#..##.# ≈≈≈≈
♣......##.######## ≈≈≈≈≈
♣♣#.##.##......<.#
≈≈≈≈≈≈≈♣≈..##.#########..
≈≈≈≈≈≈PP@####.# ###
≈≈≈≈≈≈≈≈S........
≈≈≈≈≈♣≈♣.###### ≈≈≈≈ ≈≈
.# ≈≈≈ ≈≈≈ .# ≈ ≈≈≈♣ .#
≈≈≈≈ .# ≈≈P .# #


You could see an adder.

Vanquished Creatures
  An adder (D:2)
  A giant mite (D:1)
  2 worms (D:2)
  A ball python (D:2)
  2 giant cockroaches (D:1)
  2 goblins
  2 hobgoblins (D:1)
  2 jackals (D:1)
  7 kobolds
  A bat (D:2)
  4 giant newts
  4 rats
29 creatures vanquished.

Notes
Turn   | Place    | Note
--------------------------------------------------------------
     0 | D:1      | Ololoev, the Spriggan Enchanter, began the quest for the Orb.
     0 | D:1      | Reached XP level 1. HP: 9/9 MP: 4/4
   434 | D:1      | Reached XP level 2. HP: 13/13 MP: 8/8
   448 | D:1      | Learned a level 2 spell: Ensorcelled Hibernation
   874 | D:1      | Reached XP level 3. HP: 13/16 MP: 12/12
  1179 | D:2      | Slain by an adder

Action                   || total
-------------------------++-------
Melee: Dagger            ||    80
 Cast: Ensorcelled Hiber ||    19
  Use: Potion            ||     1
 Stab: Sleeping          ||    14
